 Dungeon Crawl Stone Soup version 0.22-a0-388-g09e6169 (webtiles) character file.

14380 4thArraOfDagon the Carver (level 12, -4/79 HPs)
             Began as a Tengu Abyssal Knight on Apr 29, 2018.
             Was an Elder of Lugonu.
             Slain by a hellwing (9 damage)
             ... summoned by a kobold demonologist
             ... on level 12 of the Dungeon.
             The game lasted 00:44:53 (9761 turns).

4thArraOfDagon the Carver (Tengu Abyssal Knight)    Turns: 9761, Time: 00:44:53

Health: -4/79      AC:  3    Str: 12    XL:     12   Next: 15%
Magic:  2/21       EV: 16    Int: 17    God:    Lugonu [****..]
Gold:   894        SH:  0    Dex: 15    Spells: 1/22 levels left

rFire    + . .     SeeInvis +   M - +1 scimitar (flame)
rCold    . . .     Gourm    .   (no shield)
rNeg     + + .     Faith    +   N - +0 leather armour "Vuewn" {rElec rN++ Regen+}
rPois    .         Spirit   .   (helmet restricted)
rElec    +         Reflect  .   (no cloak)
rCorr    .         Harm     .   y - +0 pair of gloves
MR       .....                  (boots unavailable)
Stlth    +.........             S - amulet of faith
HPRegen  1.63/turn              K - ring of protection from fire
MPRegen  0.17/turn              h - ring of see invisible

@: about to teleport, very slightly contaminated, regenerating
A: beak, talons 3, deformed body, robust 1, able to fly 1
a: Fly, Depart the Abyss, Bend Space, Banish, Corrupt, Renounce Religion


You were on level 12 of the Dungeon.
You worshipped Lugonu.
Lugonu was greatly pleased with you.
You were full.

You visited 1 branch of the dungeon, and saw 12 of its levels.
You visited the Abyss 1 time.
You also visited: Ossuary.

You collected 894 gold pieces.

Inventory:

Hand Weapons
 a - a +2 falchion
 s - a +0 blowgun
 J - a +0 scimitar
 M - a +1 scimitar of flaming (weapon)
Missiles
 D - 9 curare-tipped needles
Armour
 b - a +0 leather armour
 f - the +5 leather armour "Hyusmut" {rF- Int+9}
   (You found it on level 4 of the Dungeon)

   It affects your intelligence (+9).
   It makes you vulnerable to fire.
 o - a +2 ring mail of fire resistance
 p - a cursed -1 ring mail
 y - a +0 pair of gloves (worn)
 A - the +2 ring mail of Coronation {rC+}
   (You found it on level 8 of the Dungeon)

   It protects you from cold.
 N - the +0 leather armour "Vuewn" (worn) {rElec rN++ Regen+}
   (You found it on level 10 of the Dungeon)

   It insulates you from electricity.
   It greatly protects you from negative energy.
   It increases your rate of regeneration.
 O - a +2 robe of positive energy
 P - a +0 troll leather armour
 Q - a +2 robe of resistance
Magical Staves
 x - an uncursed staff of conjuration {!a}
 E - an uncursed staff of power {!a}
Jewellery
 d - an uncursed amulet of the gourmand
 h - a ring of see invisible (right hand)
 j - an uncursed ring of resist corrosion
 v - an uncursed ring of flight
 K - a ring of protection from fire (left hand)
 S - an amulet of faith (around neck)
Wands
 z - a wand of clouds (1)
 C - a wand of flame (11)
 G - a wand of acid (13)
 R - a wand of paralysis (15)
Scrolls
 e - 5 scrolls of enchant weapon
 g - 3 scrolls of remove curse
 i - 2 scrolls of magic mapping
 m - 3 scrolls of random uselessness {unknown}
 q - 3 scrolls of teleportation
 r - 2 scrolls of amnesia
 t - 2 scrolls of immolation {unknown}
 u - 3 scrolls of fear {unknown}
 w - 4 scrolls of fog {unknown}
 H - a scroll of enchant armour
Potions
 k - 2 potions of agility
 l - 3 potions of haste
 n - a potion of invisibility
 B - a potion of resistance
 F - 2 potions of ambrosia
 I - a potion of curing
 L - a potion of brilliance
Comestibles
 c - 13 rations


   Skills:
 + Level 7.5 Fighting
 * Level 10.8 Long Blades
 - Level 6.0 Armour
 + Level 7.5 Dodging
 + Level 5.5 Spellcasting
   Level 4.5 Conjurations
 - Level 8.2 Necromancy
 * Level 0.8 Transmutations
 * Level 0.8 Earth Magic
 + Level 6.5 Invocations


You had one spell level left.
You knew the following spells:

 Your Spells              Type           Power        Failure   Level  Hunger
a - Regeneration          Chrm/Necr      ###.......   10%         3    ##.....
b - Vampiric Draining     Necr           ####......   1%          3    ##.....
c - Statue Form           Tmut/Erth      #........    100%        6    #######
d - Shatter               Erth           #.........   100%        9    #######


Dungeon Overview and Level Annotations

Branches:
Dungeon (12/15)            Temple (0/1) D:6            Lair (0/6) D:11
    Orc (0/2) D:10

Altars:
Dithmenos
Fedhas
Trog
Uskayaw
Yredelemnul
The Shining One

Shops:
D:8 [

Annotations:
D:9 Grum


Innate Abilities, Weirdness & Mutations

You have a beak for a mouth.
You have claws for feet.
You can fly.
Armour fits poorly on your strangely shaped body.
You are robust. (+10% HP)


Message History

The hellwing hits you! The hellwing hits you.
Unknown command.
Evoke which item? (* to show all) (? for menu, Esc to quit)
Okay, then.
As you read the scroll of teleportation, it crumbles to dust.
You feel strangely unstable. The orc barely misses you.
The hellwing misses you.
You riposte.
You hit the hellwing. You burn the hellwing.
You claw the hellwing, but do no damage.
The hellwing is lightly wounded.
The hellwing completely misses you. The sixfirhy hits you!
* * * LOW HITPOINT WARNING * * *
The sixfirhy shocks you. You resist.
* * * LOW HITPOINT WARNING * * *
The sixfirhy hits you but does no damage.
The sixfirhy misses you. The hellwing hits you!
* * * LOW HITPOINT WARNING * * *
The hellwing hits you!
You die...

##### ##### ....##### #...#
........# #...# ........# #...#
........###########...###########
###.>....oKK.Ko3@4[..............
# #.....###########......########
# ##'#### #......# #
####.########### #......########
......T)K........................
....(###oK..........##...########
.....###.#########.......#
.........K.# #.......#
........##o### #....####


You could see a hellwing, a kobold demonologist, a sixfirhy, 2 big kobolds, an
orc priest and an orc.

Vanquished Creatures
  Erica (D:11)
  A centaur warrior (D:12)
  A two-headed ogre (D:12)
  A deep elf mage (D:12)
  2 cyclopes (D:12)
  Psyche (D:12)
  A kobold demonologist (D:11)
  2 trolls
  A hippogriff (D:8)
  Prince Ribbit (D:6)
  4 orc warriors
  2 shadows
  Sigmund (D:6)
  A human (D:8)
  3 wyverns (D:10)
  8 yaks
  An acid dragon (D:12)
  4 ice beasts
  A black bear (D:9)
  An eye of draining (D:9)
  3 phantoms
  2 sky beasts
  2 necrophages
  4 wolves
  11 centaurs
  5 ogres
  4 big kobolds
  Blork the orc (D:6)
  An elf zombie (Ossuary)
  4 bullfrogs
  2 scorpions
  12 killer bees
  4 wights
  A howler monkey (D:10)
  2 electric eels (D:11)
  3 crimson imps
  A bullfrog zombie (D:6)
  3 centaur zombies
  5 hounds
  A human zombie (Ossuary)
  4 orc priests
  3 centaur skeletons
  3 jellies
  6 orc wizards
  4 iguanas
  5 worker ants
  A big kobold zombie (Ossuary)
  2 hound zombies
  3 mummies
  5 worker ant zombies
  13 adders
  11 river rats (D:6)
  A shadow imp (D:9)
  4 oozes
  An adder zombie (D:5)
  A worm (D:4)
  12 leopard geckos
  26 orcs
  A ball python (D:3)
  9 bats
  3 giant cockroaches
  2 goblins
  5 hobgoblins
  5 jackals
  10 kobolds
  9 quokkas
  5 frilled lizards
  A goblin zombie (Ossuary)
  11 hobgoblin zombies (Ossuary)
  A jackal skeleton (D:4)
  A jackal zombie (Ossuary)
  8 kobold zombies (Ossuary)
  A leopard gecko skeleton (D:5)
  9 orc zombies (Ossuary)
  16 rats
  2 rat zombies (Ossuary)
313 creatures vanquished.

Vanquished Creatures (collateral kills)
  A centaur (D:7)
  A killer bee (D:8)
  A wight (D:8)
  An orc priest (D:8)
  An orc wizard (D:8)
  2 orcs (D:8)
7 creatures vanquished.

Vanquished Creatures (others)
  A two-headed ogre (D:8)
  2 molten gargoyles (D:11)
  A vampire (D:12)
  A wyvern (D:9)
  An ice beast (D:8)
  An ogre (D:10)
  3 killer bees (D:8)
  A wight (D:8)
  5 lava snakes (D:11)
16 creatures vanquished.

Grand Total: 336 creatures vanquished

Notes
Turn   | Place    | Note
-------+----------+-------------------------------------------
     0 | Abyss:1  | 4thArraOfDagon the Tengu Abyssal Knight began the quest for the Orb.
     0 | Abyss:1  | Reached XP level 1. HP: 14/14 MP: 3/3
    87 | Abyss:2  | Noticed a raiju
    87 | D:1      | Escaped the Abyss
   163 | D:1      | Reached XP level 2. HP: 19/19 MP: 4/4
   321 | D:1      | Reached * piety under Lugonu
   494 | D:2      | Reached XP level 3. HP: 20/23 MP: 5/5
   807 | D:2      | Reached skill level 3 in Long Blades
   872 | D:3      | Reached XP level 4. HP: 18/28 MP: 6/6
   987 | D:3      | Noticed a necrophage
  1001 | D:3      | Reached ** piety under Lugonu
  1075 | D:3      | Sergey: hello, p0
  1094 | D:3      | 4thArraOfDagon: oh
  1094 | D:3      | 4thArraOfDagon: hey p0m0
  1114 | D:3      | Killed a necrophage
  1114 | D:3      | Reached skill level 4 in Long Blades
  1114 | D:3      | Gained mutation: You can fly. [Tengu growth]
  1114 | D:3      | Reached XP level 5. HP: 19/32 MP: 7/7
  1235 | D:4      | Gained mutation: Armour fits poorly on your strangely shaped body. [potion of mutation]
  1235 | D:4      | Gained mutation: You are robust. (+10% HP) [potion of mutation]
  1279 | D:4      | Noticed a phantom
  1309 | D:4      | Noticed an ogre
  1312 | D:4      | Noticed a phantom
  1314 | D:4      | Got a faintly glowing leather armour
  1384 | D:2      | Identified the +5 leather armour "Hyusmut" {rF- Int+9} (You found it on level 4 of the Dungeon)
  1722 | D:4      | Found a glowing golden altar of the Shining One.
  1948 | D:3      | Reached XP level 6. HP: 32/40 MP: 7/9
  2301 | D:5      | Entered Level 5 of the Dungeon
  2377 | D:5      | Reached skill level 5 in Long Blades
  2377 | D:5      | Reached XP level 7. HP: 43/46 MP: 10/10
  2849 | D:6      | Noticed Sigmund
  2869 | D:5      | p0werm0de: hy
  2899 | D:6      | Noticed Blork the orc
  2909 | D:6      | Killed Blork the orc
  2924 | D:6      | Reached XP level 8. HP: 36/52 MP: 11/11
  2932 | D:6      | Reached skill level 1 in Spellcasting
  2974 | D:6      | Found a staircase to the Ecumenical Temple.
  3002 | D:6      | Found a bloodstained altar of Trog.
  3008 | D:6      | Noticed Prince Ribbit
  3031 | D:6      | Killed Prince Ribbit
  3031 | D:6      | Reached *** piety under Lugonu
  3031 | D:6      | Reached skill level 6 in Long Blades
  3082 | D:6      | Found a sand-covered staircase.
  3093 | Ossuary  | Entered an ossuary
  3399 | Ossuary  | Reached **** piety under Lugonu
  3399 | Ossuary  | Reached skill level 5 in Fighting
  3563 | D:6      | Reached skill level 5 in Armour
  3596 | D:6      | Reached skill level 7 in Long Blades
  3640 | D:6      | Reached XP level 9. HP: 20/59 MP: 13/13
  3791 | D:6      | Learned a level 3 spell: Regeneration
  3795 | D:6      | Learned a level 3 spell: Vampiric Draining
  3883 | D:6      | Killed Sigmund
  3883 | D:6      | Reached skill level 1 in Necromancy
  4490 | D:4      | Reached skill level 5 in Dodging
  4752 | D:7      | Sergey: nice trick with polymorph
  4905 | D:7      | Found a shadowy altar of Dithmenos.
  4908 | D:7      | Found a basalt altar of Yredelemnul.
  4910 | D:7      | Sergey: does it tend to give you good forms ?
  4984 | D:7      | Found a hide-covered altar of Uskayaw.
  4987 | D:7      | Found a blossoming altar of Fedhas.
  5048 | D:7      | 4thArraOfDagon: yea
  5048 | D:7      | 4thArraOfDagon: always good
  5048 | D:7      | 4thArraOfDagon: worst forms are bat and pig but then you have 0.7 movement delay so you can escape anyway
  5299 | D:8      | Found Zeusch's Antique Armour Emporium.
  5529 | D:8      | Got a jewelled ring mail
  5549 | D:8      | Identified the +2 ring mail of Coronation {rC+} (You found it on level 8 of the Dungeon)
  5825 | D:8      | Reached skill level 8 in Long Blades
  6193 | D:8      | Reached skill level 5 in Invocations
  6193 | D:8      | Reached XP level 10. HP: 56/66 MP: 16/16
  6207 | D:8      | Noticed a two-headed ogre
  6222 | D:8      | Banished a two-headed ogre
  6561 | D:10     | Entered Level 10 of the Dungeon
  6600 | D:9      | Noticed Grum
  6767 | D:9      | Found a shadowy altar of Dithmenos.
  7248 | D:9      | Reached skill level 5 in Necromancy
  7413 | D:9      | Reached skill level 9 in Long Blades
  7886 | D:10     | Got an amber-encrusted leather armour
  7926 | D:10     | Identified the +0 leather armour "Vuewn" {rElec rN++ Regen+} (You found it on level 10 of the Dungeon)
  8057 | D:10     | Noticed Sonja
  8062 | D:10     | Noticed Sonja
  8062 | D:10     | Sonja changed into Sonja the wyvern
  8069 | D:10     | Killed Sonja the wyvern
  8188 | D:10     | Found a staircase to the Orcish Mines.
  8207 | D:10     | Reached XP level 11. HP: 65/72 MP: 13/18
  8269 | D:11     | Noticed Erica
  8278 | D:11     | Killed Erica
  8330 | D:10     | Reached ***** piety under Lugonu
  8390 | D:11     | Reached skill level 10 in Long Blades
  8566 | D:11     | Learned a level 5 spell: Venom Bolt
  8591 | D:11     | Noticed a skeletal warrior
  8591 | D:11     | Noticed a skeletal warrior
  8591 | D:11     | Noticed a skeletal warrior
  8591 | D:11     | Noticed a skeletal warrior
  8845 | D:11     | Reached skill level 1 in Conjurations
  8927 | D:11     | Reached skill level 5 in Spellcasting
  9079 | D:11     | Found a staircase to the Lair.
  9304 | D:12     | Noticed Psyche
  9305 | D:12     | Noticed a cyclops
  9323 | D:12     | Killed a cyclops
  9326 | D:12     | Killed Psyche
  9451 | D:12     | Noticed a two-headed ogre
  9462 | D:12     | Killed a two-headed ogre
  9465 | D:12     | Noticed a deep elf mage
  9508 | D:12     | Killed a deep elf mage
  9566 | D:12     | Noticed a cyclops
  9573 | D:12     | Killed a cyclops
  9573 | D:12     | Reached XP level 12. HP: 56/79 MP: 10/21
  9677 | D:12     | Learned a level 9 spell: Shatter
  9685 | D:12     | Learned a level 6 spell: Statue Form
  9693 | D:12     | Noticed a centaur warrior
  9708 | D:12     | Killed a centaur warrior
  9761 | D:12     | Slain by a hellwing

Vault maps used:
D:1:      eino_arrival_tree_alley
D:3:      kennysheep_generic_room_6
D:4:      tso_metal_star, grunt_decor_one_mirror, due_unseen_surprise
D:5:      first_ration
D:6:      lemuel_ratsnest, minmay_temple_entry_junction,
          gup_ossuary_entry_pyramid, kennysheep_another_room,
          trog_three_pillars_becter, uniq_prince_ribbit1, uniq_blork_the_orc,
          uniq_sigmund
D:7:      grunt_temple_overflow_cloverleaf
D:8:      serial_shops, shop
D:9:      grunt_dithmenos_shadows, uniq_grum
D:10:     uniq_sonja
D:11:     cheibrodos_magma_flow, erik_lair_island, uniq_erica
D:12:     uniq_psyche
Ossuary:  ossuary_tomb_1

Skill      XL: |  1  2  3  4  5  6  7  8  9 10 11 |
---------------+----------------------------------+-----
Invocations    | 2 3 4 5 6 |  6.5
Long Blades    | 3 4 5 7 8 9 10 | 10.8
Dodging        | 2 3 4 5 6 7 |  7.5
Armour         | 3 4 5 6 |  6.0
Fighting       | 4 5 6 7 |  7.5
Spellcasting   | 2 3 4 5 |  5.5
Necromancy     | 3 6 8 |  8.2
Conjurations   | 4 |  4.5
Transmutations | |  0.8
Earth Magic    | |  0.8

Action                   |  1- 3 |  4- 6 |  7- 9 | 10-12 || total
-------------------------+-------+-------+-------+-------++-------
Melee: Falchion          |    62 |   100 |   407 |   141 ||   710
       Kick              |    21 |    33 |   132 |   132 ||   318
       Peck              |     5 |    23 |    68 |    94 ||   190
       Unarmed           |       |    11 |    30 |       ||    41
       Scimitar          |       |       |       |   228 ||   228
 Fire: Blowgun           |       |       |       |    21 ||    21
 Cast: Vampiric Draining |       |       |       |    45 ||    45
       Regeneration      |       |       |       |    33 ||    33
Invok: Depart the Abyss  |     1 |       |       |       ||     1
       Banish            |       |       |       |    17 ||    17
 Abil: Fly               |       |     1 |       |     2 ||     3
Evoke: Wand              |       |     4 |    51 |    16 ||    71
  Use: Scroll            |       |     4 |    11 |     7 ||    22
       Potion            |       |     3 |     4 |     3 ||    10
 Stab: Sleeping          |       |     2 |       |       ||     2
       Confused          |       |       |     2 |       ||     2
       Invisible         |       |       |       |     3 ||     3
  Eat: Chunk             |       |     1 |    24 |    23 ||    48
       Ration            |       |     1 |     1 |       ||     2
Armor: Leather armour    |     9 |       |       |    26 ||    35
       Ring mail         |    14 |    32 |    80 |    40 ||   166
       Skin              |       |       |    35 |       ||    35
Dodge: Dodged            |    38 |    64 |   224 |   306 ||   632
       Rpst.: Falchion   |    15 |    13 |    75 |    43 ||   146
       Scimitar          |       |       |       |    46 ||    46

Table legend:
 A = Spawn XP
 B = Non-spawn XP
 C = Spawn XP percentage of total XP
 D = Spawn monster count
 E = Non-spawn monster count
 F = Spawn count percentage of total count
 G = Total turns spent on level
                    A         B        C        D         E        F      G
               +---------+---------+-------+---------+---------+-------+---------
         Total |       0 |   20543 |   0.0 |       0 |     334 |   0.0 |  9761
               +---------+---------+-------+---------+---------+-------+---------
           D:1 |       0 |      26 |   0.0 |       0 |      14 |   0.0 |   379
           D:2 |       0 |      36 |   0.0 |       0 |      18 |   0.0 |   534
           D:3 |       0 |     307 |   0.0 |       0 |      23 |   0.0 |   867
           D:4 |       0 |     467 |   0.0 |       0 |      15 |   0.0 |   680
           D:5 |       0 |     401 |   0.0 |       0 |      16 |   0.0 |   572
           D:6 |       0 |    1627 |   0.0 |       0 |      47 |   0.0 |  1077
           D:7 |       0 |     388 |   0.0 |       0 |      12 |   0.0 |   758
           D:8 |       0 |    2240 |   0.0 |       0 |      30 |   0.0 |  1385
           D:9 |       0 |    1541 |   0.0 |       0 |      24 |   0.0 |  1012
          D:10 |       0 |    2976 |   0.0 |       0 |      38 |   0.0 |   644
          D:11 |       0 |    5095 |   0.0 |       0 |      35 |   0.0 |   894
          D:12 |       0 |    5111 |   0.0 |       0 |      23 |   0.0 |   483
       Ossuary |       0 |     328 |   0.0 |       0 |      39 |   0.0 |   389
               +---------+---------+-------+---------+---------+-------+---------
